 Dungeon Crawl Stone Soup version 0.31-a0-963-ga325b2283a (webtiles) character file.

Game seed: 3410668318314590613

360 madedhun the Chiller (level 6, -3/32 HPs)
             Began as a Deep Elf Ice Elementalist on Oct 17, 2023.
             Was an Initiate of Vehumet.
             Slain by a phantom (4 damage)
             ... on level 4 of the Dungeon on Oct 24, 2023.
             The game lasted 00:25:37 (4181 turns).

madedhun the Chiller (Deep Elf Ice Elementalist)    Turns: 4181, Time: 00:25:38

Health: -3/32      AC:  2    Str:  5    XL:     6   Next: 38%
Magic:  1/17       EV: 13    Int: 22    God:    Vehumet [......]
Gold:   230        SH:  0    Dex: 15    Spells: 10/17 levels left

rFire   + . .        (no weapon)
rCold   + . .        (no shield)
rNeg    . . .        a - +0 robe
rPois   .            (no helmet)
rElec   .            p - scarf {rC+ rF+}
rCorr   .            (no gloves)
SInv    .            (no boots)
Will    .....        (no amulet)
Stlth   ++           (no ring)
HPRegen 0.25/turn    (no ring)
MPRegen 0.15/turn

%: no passive effects
@: freezing walls
A: no striking features
a: Renounce Religion


You were on level 4 of the Dungeon.
You worshipped Vehumet.
Vehumet was noncommittal.
You visited 2 branches of the dungeon, and saw 5 of its levels.

You collected 230 gold pieces.

Inventory:

Armour
 a - a +0 robe (worn)
 o - a +0 scale mail
 p - a scarf of resistance (worn)
Talismans
 k - a flux talisman
Scrolls
 c - a scroll of blinking {unknown}
 e - a scroll of fear {unknown}
 f - a scroll of enchant weapon {unknown}
 g - 2 scrolls of revelation {unknown}
 h - 5 scrolls of identify {unknown}
 i - a scroll of noise {unknown}
 l - 2 scrolls of poison {unknown}
 m - 2 scrolls of teleportation {unknown}
 t - a scroll of immolation {unknown}
 u - a scroll of amnesia {unknown}
Potions
 b - a potion of magic
 d - a potion of might {unknown}
 j - a potion of brilliance {unknown}
 n - a potion of haste {unknown}
 q - a potion of berserk rage {unknown}
 r - 2 potions of degeneration {unknown}
 s - a potion of resistance {unknown}
 v - a potion of curing {unknown}


   Skills:
 * Level 3.6 Dodging
 + Level 2.6 Stealth
 + Level 6.0 Spellcasting
 * Level 6.6 Ice Magic


You had 10 spell levels left.
You knew the following spells:

 Your Spells              Type           Power      Damage    Failure   Level
a - Freeze                Ice            100%       1d10      1%          1
b - Frozen Ramparts       Ice            72%        1d11      1%          3
c - Ozocubu's Armour      Ice            36%        N/A       1%          3

Your spell library contained the following spells:

 Spells                   Type           Power      Damage    Failure   Level
 Ensorcelled Hibernation  Hex/Ice        42%        N/A       3%          2
 Kiss of Death            Conj/Necr      24%        2d7       9%          1
 Jinxbite                 Hex            12%        N/A       14%         2
 Passwall                 Tmut/Erth      5%         N/A       14%         2
 Static Discharge         Conj/Air       12%        3-4/arc   14%         2
 Summon Ice Beast         Ice/Summ       21%        N/A       22%         4
 Call Canine Familiar     Summ           6%         N/A       26%         3
 Sigil of Binding         Hex            6%         N/A       26%         3
 Airstrike                Air            3%         2d(1-17)  65%         4
 Anguish                  Hex/Necr       3%         N/A       65%         4
 Dimensional Bullseye     Hex/Tloc       3%         N/A       65%         4
 Leda's Liquefaction      Hex/Erth       3%         N/A       65%         4
 Summon Lightning Spire   Summ/Air       6%         N/A       65%         4
 Borgnjor's Vile Clutch   Necr/Erth      3%         N/A       94%         5


Dungeon Overview and Level Annotations

Branches:
Dungeon (4/15)             Temple (1/1) D:4

Altars:
Ashenzari
Cheibriados
Fedhas
Gozag
Hepliaklqana
Makhleb
Nemelex Xobeh
Okawaru
Qazlal
Ru
Uskayaw
Vehumet
Yredelemnul
Zin
The Shining One

Annotations:
D:3 Grinder


Message History

The phantom completely resists.
The wall freezes the phantom but does no damage.
The phantom hits you but does no damage.
You miss the phantom.
The phantom is heavily damaged.
The phantom resists.
The wall freezes the phantom.
The phantom hits you.
You hit the phantom.
The phantom is severely damaged.
The phantom resists.
The wall freezes the phantom.
The phantom hits you.
* * * LOW HITPOINT WARNING * * *
You miss the phantom.
You punch the phantom, but do no damage.
The phantom is severely damaged.
The phantom resists.
The wall freezes the phantom.
The phantom hits you but does no damage.
You barely miss the phantom.
The phantom is severely damaged.
The phantom completely resists.
The wall freezes the phantom but does no damage.
The phantom misses you.
You hit the phantom but do no damage.
The phantom is severely damaged.
The phantom completely resists.
The wall freezes the phantom but does no damage.
The phantom hits you.
* * * LOW HITPOINT WARNING * * *
You hit the phantom.
The phantom is almost destroyed.
The phantom resists.
The wall freezes the phantom.
The phantom closely misses you.
You hit the phantom but do no damage.
The phantom is almost destroyed.
The phantom completely resists.
The wall freezes the phantom but does no damage.
The phantom hits you.
* * * LOW HITPOINT WARNING * * *
You hit the phantom but do no damage.
The phantom is almost destroyed.
The phantom resists.
The wall freezes the phantom.
The phantom hits you.
You die...

####..#.#
#....)....#
........#
#.#######.#
.###..### #.#
.# #..# #.# .#
#..# #§###
.###..# #.#..
......# #.#.#
......# #§#.#
.###### #.#@#
.#
.#.W##########
.#
.###...........
.# ##
#..##########
.######## #.#.#
.........
.....#
..#######
####### ..# ..#


You could see a phantom.

Vanquished Creatures
  A scorpion (D:4)
  A sleepcap (D:4)
  4 orc wizards (D:4)
  4 gnolls (D:4)
  4 adders
  3 dart slugs
  7 orcs
  6 ball pythons
  7 endoplasms
  5 giant cockroaches
  8 goblins
  6 hobgoblins
  4 jackals (D:1)
  5 kobolds
  8 quokkas
  3 bats
  2 frilled lizards
  6 rats
84 creatures vanquished.

Notes
Turn   | Place    | Note
-------+----------+-------------------------------------------
     0 | D:1      | madedhun the Deep Elf Ice Elementalist began the quest for
                  | the Orb.
     0 | D:1      | Reached XP level 1. HP: 10/10 MP: 6/6
   314 | D:1      | Reached XP level 2. HP: 15/15 MP: 6/8
   826 | D:1      | Reached XP level 3. HP: 19/19 MP: 7/10
  1232 | D:2      | Reached skill level 5 in Ice Magic
  1242 | D:2      | Learned a level 3 spell: Frozen Ramparts
  1246 | D:2      | Learned a level 3 spell: Ozocubu's Armour
  2094 | D:3      | Identified the "Ahan"
  2421 | D:3      | Reached XP level 4. HP: 21/24 MP: 8/12
  2682 | D:3      | Noticed Grinder
  2710 | D:2      | Upgraded the game from 0.31-a0-917-ga885b83477 to
                  | 0.31-a0-963-ga325b2283a
  2990 | D:4      | Noticed a scorpion
  2997 | D:4      | Killed a scorpion
  2998 | D:4      | Reached skill level 5 in Spellcasting
  2998 | D:4      | Reached XP level 5. HP: 22/28 MP: 3/14
  3403 | D:4      | Reached XP level 6. HP: 30/32 MP: 13/16
  3732 | D:4      | Found a staircase to the Ecumenical Temple.
  3851 | Temple   | Entered the Ecumenical Temple
  3901 | Temple   | Became a worshipper of Vehumet
  4180 | D:4      | HP: 1/32 [phantom (6)]
  4181 | D:4      | Slain by a phantom

Illustrated notes

Levels and vault maps discovered:
D:1:      lightli_arrival_farm, layout_basic, chequers_serial_rivers_small_b
D:2:      layout_loops_ring, chequers_serial_rivers_room_a
D:3:      layout_basic, uniq_grinder
D:4:      layout_loops_ring, temple_hall
Temple:   regret_index_temple_waves

Skill      XL: |  1  2  3  4  5  6 |
---------------+-------------------+-----
Dodging        | 3 |  3.6
Ice Magic      | 5 6 |  6.6
Spellcasting   | 4 5 6 |  6.0
Stealth        | |  2.6

Action                     |  1- 3 |  4- 6 || total
---------------------------+-------+-------++-------
  Melee: Unarmed           |       |    21 ||    21
         Punch             |       |     1 ||     1
   Cast: Freeze            |    67 |    45 ||   112
         Ozocubu's Armour  |     1 |     7 ||     8
         Frozen Ramparts   |       |    13 ||    13
 Armour: Robe              |    16 |    35 ||    51
  Dodge: Dodged            |    21 |    23 ||    44
         Form:             |     1 |       ||     1
         Flux              |     1 |       ||     1

Table legend: (Time is in decaauts)
 A = Elapsed time spent in this place.
 B = Non-inter-level travel time spent in this place.
 C = Inter-level travel time spent in this place.
 D = Time resting spent in this place.
 E = Time spent auto-exploring this place.
 F = Levels seen in this place.
 G = Mean time per level.
                   A        B        C        D        E       F      G
               +--------+--------+--------+--------+--------+-----+--------+
         Total |   4205 |   3972 |    233 |    361 |   2928 |   5 |  841.0 |
       Dungeon |   4133 |   3969 |    164 |    361 |   2928 |   4 | 1033.2 |
        Temple |     71 |      2 |     69 |      0 |      0 |   1 |   71.0 |
               +--------+--------+--------+--------+--------+-----+--------+

Top non-repeatable levels by time:
     D:4: 1269 daAuts
     D:1: 1156 daAuts
     D:2: 1005 daAuts
     D:3: 703 daAuts
  Temple: 71 daAuts
